 Dungeon Crawl Stone Soup version 0.27-a0-333-gfa571bf19a (webtiles) character file.

Game seed: 3663084846933150286

114 lessens the Vexing (level 4, -1/27 HPs)
             Began as an Octopode Enchanter on Feb 12, 2021.
             Killed from afar by Natasha (10 damage)
             ... with a magic dart
             ... on level 2 of the Dungeon.
             The game lasted 00:02:50 (1775 turns).

lessens the Vexing (Octopode Enchanter)             Turns: 1775, Time: 00:02:50

Health: -1/27      AC:  1    Str:  8    XL:     4   Next: 98%
Magic:  2/7        EV: 13    Int: 17    God:
Gold:   60         SH:  0    Dex: 12    Spells: 1/7 levels left

rFire    . . .     SeeInvis .   g - +2 short sword (venom)
rCold    . . .     Faith    .   (no shield)
rNeg     . . .     Spirit   .   (helmet restricted)
rPois    .         Reflect  .   (no amulet)
rElec    .         Harm     .   (no ring)
rCorr    .         Rampage  .   (no ring)
Will     .....                  (no ring)
Stlth    +++.......             (no ring)
HPRegen  0.09/turn              (no ring)
MPRegen  0.10/turn              (no ring)
                                (no ring)
                                (no ring)

@: no status effects
A: almost no armour, stealthy swim, amphibious, 8 rings, constrict 8, camouflage
1, gelatinous body 1
a: no special abilities


You were on level 2 of the Dungeon.
You visited 1 branch of the dungeon, and saw 2 of its levels.

You collected 60 gold pieces.

Inventory:

Hand Weapons
 a - a +1 dagger
 g - a +2 short sword of venom (weapon)
Missiles
 d - 85 stones
Jewellery
 i - a ring of poison resistance {unknown}
Scrolls
 c - 3 scrolls of enchant armour {unknown}
Potions
 b - a potion of curing
 e - 2 potions of lignification {unknown}
 f - a potion of flight {unknown}
 h - a potion of mutation {unknown}
 j - a potion of attraction {unknown}
 k - a potion of might {unknown}


   Skills:
 + Level 3.2 Short Blades
 - Level 2.0 Dodging
 - Level 4.0 Stealth
 - Level 2.0 Spellcasting
 + Level 4.4 Hexes


You had one spell level left.
You knew the following spells:

 Your Spells              Type           Power        Failure   Level
a - Corona                Hex            17%          3%          1
b - Confusing Touch       Hex            16%          10%         3
c - Ensorcelled Hibernat  Hex/Ice        18%          12%         2

Your spell library contained the following spells:

 Spells                   Type           Power        Failure   Level
 Tukima's Dance           Hex            16%          10%         3
 Dazzling Flash           Conj/Hex       18%          24%         3


Dungeon Overview and Level Annotations

Branches:
Dungeon (2/15)

Altars:

Annotations:
D:2 Natasha


Innate Abilities, Weirdness & Mutations

You cannot wear most types of armour.
You are very stealthy in the water. (Stealth+)
You are amphibious.
You can wear up to eight rings at the same time.
You can use your tentacles to constrict eight enemies at once.
Your skin changes colour to match your surroundings (Stealth+).
Your rubbery body absorbs attacks. (AC +1, EV +1)


Message History

You closely miss the crimson imp. Your grab misses the crimson imp.
The crimson imp blinks!
The gnoll hits you with a +3 mace. The gnoll barely misses you.
You completely miss the gnoll. You grab the gnoll.
You constrict the gnoll, but do no damage.
The gnoll barely misses you.
You hit the gnoll.
The gnoll is poisoned.
You squeeze the gnoll!
The gnoll is almost dead.
You constrict the gnoll, but do no damage.
The gnoll barely misses you.
Natasha mumbles some strange words.
Natasha's front paws start to glow.
You hit the gnoll but do no damage.
The gnoll looks as sick as possible!
The gnoll is almost dead.
You constrict the gnoll, but do no damage.
You hit the gnoll.
You kill the gnoll!
You hit the rat.
You kill the rat!
You hit Natasha but do no damage. Your grab misses Natasha. Natasha claws you.
You barely miss Natasha. You grab Natasha.
You constrict Natasha, but do no damage.
Natasha closely misses you.
The crimson imp blinks!
You completely miss Natasha. You constrict Natasha. Natasha barely misses you.
You hit Natasha.
Natasha is poisoned.
Natasha is moderately wounded.
You constrict Natasha.
Natasha extends her claws.
Natasha claws you!
You barely miss Natasha.
Natasha is heavily wounded.
You constrict Natasha, but do no damage.
Natasha barely misses you.
Your magical contamination has completely faded away.
You hit Natasha.
Natasha looks as sick as possible!
Natasha is heavily wounded.
You constrict Natasha. Natasha casts a spell at you. The magic dart hits you!
You die... # ### )### #...###.# ### ))))

#.... ... .... )g))##.#.#
#r. .... )))..'.#.#
#.#$..# )........###.#...
)..............
.)...'.#.###.######.# #
))))##........gh@...#.#
))) #.#.###.g5######.# .
######................#..
...............###.....
<......................
...........#######.####
.......#..>..#......#
.......#.#.#.#.###.)#
.......#.#.#...# #..#


You could see Natasha (extremely poisoned), 2 gnolls and a crimson imp
(summoned).

Vanquished Creatures
  Natasha (D:2)
  2 gnolls (D:2)
  2 adders (D:2)
  An ooze (D:1)
  A worm (D:2)
  4 dart slugs (D:1)
  A ball python (D:2)
  2 bats
  A giant cockroach (D:2)
  2 goblins (D:1)
  A hobgoblin (D:1)
  7 jackals (D:2)
  5 kobolds
  A quokka (D:2)
  3 frilled lizards
  6 rats
40 creatures vanquished.

Notes
Turn   | Place    | Note
-------+----------+-------------------------------------------
     0 | D:1      | lessens the Octopode Enchanter began the quest for the Orb.
     0 | D:1      | Reached XP level 1. HP: 11/11 MP: 3/3
    75 | D:1      | Reached XP level 2. HP: 17/17 MP: 5/5
   613 | D:1      | Reached XP level 3. HP: 21/21 MP: 6/6
   810 | D:1      | Learned a level 3 spell: Confusing Touch
   813 | D:1      | Learned a level 2 spell: Ensorcelled Hibernation
  1319 | D:2      | Reached XP level 4. HP: 27/27 MP: 7/7
  1432 | D:2      | Noticed Natasha
  1436 | D:2      | Killed Natasha
  1747 | D:2      | Noticed Natasha
  1775 | D:2      | Killed from afar by Natasha

Illustrated notes

Levels and vault maps discovered:
D:1:      dpeg_arrival_simpleton_c, layout_loops_ring, minmay_pentomino_w4
D:2:      minmay_general_purpose_star, layout_basic, uniq_natasha,
          uniq_crazy_yiuf_cottage

Skill      XL: |  1  2  3  4 |
---------------+-------------+-----
Short Blades   | 2 3 |  3.2
Hexes          | 4 |  4.4
Dodging        | |  2.0
Stealth        | |  4.0
Spellcasting   | |  2.0

Action                   |  1- 3 |  4- 6 || total
-------------------------+-------+-------++-------
Melee: Dagger            |    45 |       ||    45
       Tentacles         |    11 |     2 ||    13
       Constrict         |    18 |     3 ||    21
       Short sword       |    26 |    19 ||    45
 Cast: Ensorcelled Hiber |       |     2 ||     2
 Stab: Sleeping          |     9 |     3 ||    12
Armor: Skin              |     6 |     1 ||     7
Dodge: Dodged            |    41 |    11 ||    52

Table legend: (Time is in decaauts)
 A = Elapsed time spent in this place.
 B = Non-inter-level travel time spent in this place.
 C = Inter-level travel time spent in this place.
 D = Time resting spent in this place.
 E = Time spent auto-exploring this place.
 F = Levels seen in this place.
 G = Mean time per level.
                   A        B        C        D        E       F      G
               +--------+--------+--------+--------+--------+-----+--------+
         Total |   1769 |   1753 |     16 |     54 |   1414 |   2 |  884.5 |
       Dungeon |   1769 |   1753 |     16 |     54 |   1414 |   2 |  884.5 |
               +--------+--------+--------+--------+--------+-----+--------+

Top non-repeatable levels by time:
     D:1: 919 daAuts
     D:2: 849 daAuts
